[Event "7. Arber-Senioren-Cup 2019"]
[Site "Bodenmais"]
[Date "2019.07.31"]
[Round "5.17"]
[White "Peglau, Markus"]
[Black "Schwalb, Manfred"]
[Result "1/2-1/2"]
[ECO "A37"]
[WhiteElo "1849"]
[BlackElo "1965"]
[Annotator "NA"]
[PlyCount "33"]
[EventDate "2019.07.27"]
[EventType "swiss"]
[EventCountry "GER"]
[SourceTitle "playchess.com"]
[Source "ChessBase"]
[SourceQuality "1"]
[TimeControl "60/7800+30:0"]

1. g3 g6 2. Bg2 Bg7 3. c4 c5 4. Nc3 Nc6 5. Nf3 e6 6. O-O Nge7 7. d3 O-O 8. Bg5 h6 9. Bd2 d5 10. cxd5 exd5 11. Rc1 Be6 12. a3 Rc8 13. Qa4 Qd7 14. b4 b6 15. bxc5 bxc5 16. Rb1 Rb8 17. Rfc1 1/2-1/2

[Event "7. Arber-Senioren-Cup 2019"]
[Site "Bodenmais"]
[Date "2019.07.31"]
[Round "5.18"]
[White "Schmidt, Matthias"]
[Black "Meckel, Helmut"]
[Result "1/2-1/2"]
[ECO "A97"]
[WhiteElo "2020"]
[BlackElo "1804"]
[Annotator "NA"]
[PlyCount "38"]
[EventDate "2019.07.27"]
[EventType "swiss"]
[EventCountry "GER"]
[SourceTitle "playchess.com"]
[Source "ChessBase"]
[SourceQuality "1"]
[TimeControl "60/7800+30:0"]

1. d4 e6 2. Nf3 f5 3. g3 Nf6 4. Bg2 Be7 5. c4 d6 6. Nc3 O-O 7. O-O Qe8 8. Re1 Qh5 9. e4 fxe4 10. Nxe4 Nc6 11. Nfg5 Qxd1 12. Rxd1 h6 13. Nxf6+ Bxf6 14. Bxc6 bxc6 15. Ne4 Kh7 16. Nxf6+ gxf6 17. Re1 f5 18. Bf4 Rf7 19. c5 d5 1/2-1/2

[Event "7. Arber-Senioren-Cup 2019"]
[Site "Bodenmais"]
[Date "2019.07.31"]
[Round "5.19"]
[White "Bock, Ortwin"]
[Black "Schuster, Herbert"]
[Result "1/2-1/2"]
[ECO "C25"]
[WhiteElo "1938"]
[BlackElo "1774"]
[Annotator "NA"]
[PlyCount "36"]
[EventDate "2019.07.27"]
[EventType "swiss"]
[EventCountry "GER"]
[SourceTitle "playchess.com"]
[Source "ChessBase"]
[SourceQuality "1"]
[TimeControl "60/7800+30:0"]

1. e4 e5 2. Nc3 c6 3. Nf3 d6 4. h3 h6 5. d4 exd4 6. Nxd4 Be7 7. Be3 Nf6 8. Be2 Qa5 9. O-O b5 10. a3 a6 11. b4 Qc7 12. f4 Nh7 13. Qd2 g6 14. Nf3 Nd7 15. Bd4 O-O 16. Rae1 Bb7 17. Be3 Rae8 18. Bd3 Bf6 1/2-1/2

[Event "7. Arber-Senioren-Cup 2019"]
[Site "Bodenmais"]
[Date "2019.07.31"]
[Round "5.20"]
[White "Mahnke, Ralf"]
[Black "Riess, Michael"]
[Result "1/2-1/2"]
[ECO "D07"]
[WhiteElo "1925"]
[BlackElo "1686"]
[Annotator "NA"]
[PlyCount "141"]
[EventDate "2019.07.27"]
[EventType "swiss"]
[EventCountry "GER"]
[SourceTitle "playchess.com"]
[Source "ChessBase"]
[SourceQuality "1"]
[TimeControl "60/7800+30:0"]

1. d4 d5 2. c4 Nc6 3. Nf3 Bg4 4. e3 Nf6 5. Be2 e6 6. O-O Be7 7. b3 dxc4 8. bxc4 O-O 9. Nc3 a6 10. Bd2 Bb4 11. Qb3 Bxc3 12. Bxc3 Ne4 13. Rfd1 Nxc3 14. Qxc3 Qf6 15. Rd2 Rfd8 16. Rb2 b6 17. a4 a5 18. c5 Nb4 19. cxb6 cxb6 20. Rc1 h6 21. h3 Bxf3 22. Bxf3 Rab8 23. Be4 Qe7 24. Qc4 Qd7 25. Qb3 Rdc8 26. Rbb1 Rxc1+ 27. Rxc1 Rc8 28. Rb1 g6 29. Bf3 Rc2 30. Bd1 Rc7 31. Be2 Qc8 32. Bb5 Rc1+ 33. Kh2 Qc7+ 34. g3 Rc2 35. Rb2 Rxb2 36. Qxb2 Qc2 37. Qxc2 Nxc2 38. Kg2 Na3 39. Bc6 Kf8 40. Kf3 Ke7 41. Ke4 Kd6 42. Be8 Ke7 43. Bc6 Kd6 44. d5 f5+ 45. Kd4 exd5 46. Bxd5 g5 47. Bf7 b5 48. axb5 Nxb5+ 49. Kc4 Nc7 50. f4 Ke7 51. Bh5 a4 52. Bf3 Kd6 53. fxg5 hxg5 54. h4 gxh4 55. gxh4 Ne6 56. Kb4 Ke5 57. Kxa4 f4 58. exf4+ Nxf4 59. Kb4 Kf6 60. Kc4 Kg6 61. Kd4 Ne6+ 62. Ke5 Ng7 63. Kf4 Nh5+ 64. Ke5 Ng7 65. Bg4 Kf7 66. Kf4 Kg6 67. Kg3 Nh5+ 68. Kf3 Nf6 69. Kf4 Nh5+ 70. Bxh5+ Kxh5 71. Kg3 1/2-1/2

[Event "7. Arber-Senioren-Cup 2019"]
[Site "Bodenmais"]
[Date "2019.07.31"]
[Round "5.21"]
[White "Ketzscher, Roland"]
[Black "Berger, Siegfried"]
[Result "1-0"]
[ECO "D55"]
[WhiteElo "1917"]
[BlackElo "1548"]
[Annotator "NA"]
[PlyCount "73"]
[EventDate "2019.07.27"]
[EventType "swiss"]
[EventCountry "GER"]
[SourceTitle "playchess.com"]
[Source "ChessBase"]
[SourceQuality "1"]
[TimeControl "60/7800+30:0"]

1. d4 d5 2. c4 e6 3. Nc3 Nf6 4. Bg5 Be7 5. Nf3 O-O 6. e3 Ne8 7. Bxe7 Qxe7 8. cxd5 exd5 9. Nxd5 Qd6 10. Nc3 Bg4 11. Be2 Nf6 12. O-O Re8 13. Rc1 a6 14. Qc2 Nbd7 15. Rfd1 Rac8 16. e4 Nh5 17. Qd2 Rcd8 18. e5 Qf8 19. h3 Bxf3 20. Bxf3 g6 21. Bxh5 gxh5 22. Qg5+ Kh8 23. Ne4 f5 24. Ng3 f4 25. Nxh5 c6 26. Nxf4 Re7 27. Qh4 Kg8 28. Rd3 Rde8 29. Rg3+ Rg7 30. Rxg7+ Qxg7 31. Rc3 Qf7 32. Rg3+ Kh8 33. e6 Qf5 34. exd7 Re1+ 35. Kh2 Qxd7 36. Ng6+ Kg8 37. Ne5+ {Qd8} 1-0

[Event "7. Arber-Senioren-Cup 2019"]
[Site "Bodenmais"]
[Date "2019.07.31"]
[Round "5.23"]
[White "Wacker, Manfred"]
[Black "Latzel, Wolfgang"]
[Result "0-1"]
[ECO "A42"]
[WhiteElo "1741"]
[BlackElo "1881"]
[Annotator "NA"]
[PlyCount "75"]
[EventDate "2019.07.27"]
[EventType "swiss"]
[EventCountry "GER"]
[SourceTitle "playchess.com"]
[Source "ChessBase"]
[SourceQuality "1"]
[TimeControl "60/7800+30:0"]

1. d4 d6 2. c4 g6 3. Nc3 Bg7 4. e4 Nc6 5. Be3 e5 6. d5 Nce7 7. f3 f5 8. Bd3 Nf6 9. exf5 Nxf5 10. Bg5 O-O 11. Ne4 c5 12. Ne2 Nd4 13. O-O Qc7 14. Nxf6+ Bxf6 15. Bh6 Bg7 16. Qd2 Nxe2+ 17. Bxe2 Bf5 18. Bg5 Rae8 19. Kh1 e4 20. fxe4 Rxe4 21. Rf4 Rfe8 22. Rxe4 Rxe4 23. Rf1 Qd7 24. b3 Qe8 25. Bf3 Rd4 26. Qe1 Qxe1 27. Rxe1 Be5 28. Kg1 b6 29. Be3 Rd3 30. g4 Bd7 31. Kg2 Rc3 32. Re2 b5 33. Bxc5 bxc4 34. Bxa7 cxb3 35. axb3 Rxb3 36. Re3 Rb7 37. Bc5 Rb2+ 38. Re2 0-1

[Event "7. Arber-Senioren-Cup 2019"]
[Site "Bodenmais"]
[Date "2019.07.31"]
[Round "5.24"]
[White "Wittkugel, Friedhelm"]
[Black "Otto, Klaus"]
[Result "1/2-1/2"]
[ECO "A45"]
[WhiteElo "1920"]
[BlackElo "1725"]
[Annotator "NA"]
[PlyCount "114"]
[EventDate "2019.07.27"]
[EventType "swiss"]
[EventCountry "GER"]
[SourceTitle "playchess.com"]
[Source "ChessBase"]
[SourceQuality "1"]
[TimeControl "60/7800+30:0"]

1. d4 Nf6 2. Bg5 e6 3. e4 Be7 4. Bxf6 Bxf6 5. Nf3 g6 6. Bd3 O-O 7. h4 Nc6 8. e5 Be7 9. c3 h6 10. Qd2 Kg7 11. Qe3 Rh8 12. Nbd2 a6 13. Be4 d5 14. Bc2 b5 15. a3 Na5 16. b3 Nb7 17. a4 bxa4 18. Rxa4 Bd7 19. Ra1 c5 20. g3 cxd4 21. cxd4 Bb5 22. Bd3 Qb6 23. O-O Bxd3 24. Qxd3 Qb5 25. Qe3 a5 26. Rfc1 Rac8 27. Kg2 Rxc1 28. Rxc1 Bb4 29. Qf4 Qd7 30. Qf6+ Kg8 31. Nf1 Be7 32. Qf4 Kg7 33. Ne3 Rc8 34. Rxc8 Qxc8 35. Ng4 Qh8 36. Qc1 Bb4 37. Qc7 Nd8 38. Qd7 Qf8 39. Nf6 Qe7 40. Qc8 Qf8 41. g4 Be7 42. g5 h5 43. Ng1 Bb4 44. Ne2 Qe7 45. Qc2 Qb7 46. Nf4 Qc6 47. Qxc6 Nxc6 48. Ne2 Ba3 49. Kf3 Bb4 50. Ke3 Ne7 51. Nd7 Nf5+ 52. Kd3 Nxh4 53. f4 Nf5 54. Nf6 Be1 55. Ng1 Bf2 56. Ne2 Be1 57. Kc2 Bb4 1/2-1/2

[Event "7. Arber-Senioren-Cup 2019"]
[Site "Bodenmais"]
[Date "2019.07.31"]
[Round "5.25"]
[White "Loibl, Johann"]
[Black "Meul, Willi"]
[Result "1-0"]
[ECO "B20"]
[WhiteElo "1760"]
[BlackElo "1904"]
[Annotator "NA"]
[PlyCount "47"]
[EventDate "2019.07.27"]
[EventType "swiss"]
[EventCountry "GER"]
[SourceTitle "playchess.com"]
[Source "ChessBase"]
[SourceQuality "1"]
[TimeControl "60/7800+30:0"]

1. e4 c5 2. b4 cxb4 3. a3 d5 4. exd5 Qxd5 5. Nf3 e5 6. c4 Qe4+ 7. Be2 Nc6 8. O-O Bc5 9. d3 Qf5 10. axb4 Bxb4 11. d4 e4 12. Bb2 exf3 13. Bxf3 Bd6 14. Re1+ Nge7 15. c5 Bb8 16. d5 Ne5 17. d6 Nxf3+ 18. gxf3 Qg5+ 19. Kh1 Bh3 20. Rxe7+ Kd8 21. Qg1 Qxc5 22. Qxg7 Qxd6 23. Qxh8+ Kxe7 24. Bc1 1-0

[Event "7. Arber-Senioren-Cup 2019"]
[Site "Bodenmais"]
[Date "2019.07.31"]
[Round "5.26"]
[White "Wolff, Peter"]
[Black "Cordts, Elof"]
[Result "1/2-1/2"]
[ECO "A15"]
[WhiteElo "1915"]
[BlackElo "1710"]
[Annotator "NA"]
[PlyCount "66"]
[EventDate "2019.07.27"]
[EventType "swiss"]
[EventCountry "GER"]
[SourceTitle "playchess.com"]
[Source "ChessBase"]
[SourceQuality "1"]
[TimeControl "60/7800+30:0"]

1. c4 Nf6 2. g3 g6 3. Bg2 Bg7 4. Nc3 c5 5. e4 d6 6. d3 Nc6 7. Nge2 a6 8. O-O O-O 9. h3 e5 10. Bg5 h6 11. Be3 Nh7 12. Qd2 g5 13. g4 Ne7 14. Ng3 Nf6 15. Nf5 Nxf5 16. exf5 Rb8 17. Kh2 Bd7 18. Ne4 Bc6 19. Rh1 Qe7 20. Kg3 Rbd8 21. h4 Nxe4+ 22. dxe4 f6 23. hxg5 hxg5 24. Qa5 Kf7 25. Rad1 Rh8 26. Rxh8 Rxh8 27. Qb6 Bf8 28. Rh1 Rxh1 29. Bxh1 Ke8 30. f3 Qf7 31. b3 Kd7 32. Bf2 Be7 33. Qa5 Bd8 1/2-1/2

[Event "7. Arber-Senioren-Cup 2019"]
[Site "Bodenmais"]
[Date "2019.07.31"]
[Round "5.27"]
[White "Auterhoff, Juergen"]
[Black "Schmid, Johann"]
[Result "1/2-1/2"]
[ECO "C05"]
[WhiteElo "1673"]
[BlackElo "1842"]
[Annotator "NA"]
[PlyCount "41"]
[EventDate "2019.07.27"]
[EventType "swiss"]
[EventCountry "GER"]
[SourceTitle "playchess.com"]
[Source "ChessBase"]
[SourceQuality "1"]
[TimeControl "60/7800+30:0"]

1. e4 e6 2. d4 d5 3. Nd2 Nf6 4. e5 Nfd7 5. Bd3 c5 6. c3 Nc6 7. Ne2 Nb6 8. O-O Bd7 9. Nf3 h6 10. a4 a5 11. Be3 cxd4 12. cxd4 Nb4 13. b3 Nxd3 14. Qxd3 Nc8 15. Nc3 Na7 16. Rfc1 Be7 17. Bd2 Qb6 18. Rab1 Nc6 19. Nb5 O-O 20. Qe2 Nb4 21. Nc3 1/2-1/2

[Event "7. Arber-Senioren-Cup 2019"]
[Site "Bodenmais"]
[Date "2019.08.01"]
[Round "6.1"]
[White "Pirrot, Dieter"]
[Black "Blechzin, Igor"]
[Result "1/2-1/2"]
[ECO "D37"]
[WhiteElo "2315"]
[BlackElo "2221"]
[Annotator "NA"]
[PlyCount "59"]
[EventDate "2019.07.27"]
[EventType "swiss"]
[EventCountry "GER"]
[SourceTitle "playchess.com"]
[Source "ChessBase"]
[SourceQuality "1"]
[TimeControl "60/7800+30:0"]

1. d4 Nf6 2. c4 e6 3. Nf3 d5 4. Nc3 Be7 5. Bf4 O-O 6. e3 c5 7. dxc5 Bxc5 8. a3 Nc6 9. Qc2 Qa5 10. O-O-O dxc4 11. Bxc4 a6 12. Ng5 Ne7 13. Nce4 Nxe4 14. Qxe4 Ng6 15. h4 Be7 16. h5 Bxg5 17. hxg6 hxg6 18. Bd6 Re8 19. f4 f5 20. Qc2 Bf6 21. g4 Bd7 22. gxf5 Rac8 23. Kb1 gxf5 24. Bb4 Qc7 25. Qxf5 a5 26. Qxf6 Qxc4 27. Rhg1 Qc2+ 28. Ka2 Qc4+ 29. Ka1 Qc1+ 30. Ka2 1/2-1/2

[Event "7. Arber-Senioren-Cup 2019"]
[Site "Bodenmais"]
[Date "2019.08.01"]
[Round "6.2"]
[White "Pribyl, Josef"]
[Black "Herbold, Manfred"]
[Result "1/2-1/2"]
[ECO "B06"]
[WhiteElo "2234"]
[BlackElo "2081"]
[Annotator "NA"]
[PlyCount "32"]
[EventDate "2019.07.27"]
[EventType "swiss"]
[EventCountry "GER"]
[SourceTitle "playchess.com"]
[Source "ChessBase"]
[SourceQuality "1"]
[TimeControl "60/7800+30:0"]

1. d4 g6 2. e4 Bg7 3. c3 b6 4. f4 Bb7 5. Bd3 c5 6. Nf3 e6 7. Be3 d6 8. Nbd2 Ne7 9. Qe2 Nbc6 10. a3 cxd4 11. cxd4 e5 12. fxe5 dxe5 13. d5 Nd4 14. Qf2 Nxf3+ 15. Nxf3 O-O 16. O-O Nc8 1/2-1/2

[Event "7. Arber-Senioren-Cup 2019"]
[Site "Bodenmais"]
[Date "2019.08.01"]
[Round "6.3"]
[White "Koehler, Gerhard"]
[Black "Puehn, Georg"]
[Result "1-0"]
[ECO "A13"]
[WhiteElo "2197"]
[BlackElo "1990"]
[Annotator "NA"]
[PlyCount "81"]
[EventDate "2019.07.27"]
[EventType "swiss"]
[EventCountry "GER"]
[SourceTitle "playchess.com"]
[Source "ChessBase"]
[SourceQuality "1"]
[TimeControl "60/7800+30:0"]

1. c4 e6 2. Nf3 d5 3. g3 dxc4 4. Qa4+ Bd7 5. Qxc4 c5 6. Ne5 Nf6 7. Bg2 Qc8 8. O-O Bd6 9. Nxd7 Nbxd7 10. Nc3 a6 11. d3 Rb8 12. Bd2 O-O 13. Rac1 Ne5 14. Qa4 b5 15. Qc2 Qd7 16. Bg5 Rfc8 17. b3 c4 18. bxc4 bxc4 19. d4 Nc6 20. Bxf6 gxf6 21. Ne4 Be7 22. Qa4 f5 23. Nc3 Rc7 24. d5 Nb4 25. Qd1 Rd8 26. e4 Nd3 27. Rc2 Bf6 28. dxe6 fxe6 29. exf5 Nb4 30. Qxd7 Rdxd7 31. Ne4 Bd4 32. fxe6 Re7 33. Rd2 Ba7 34. Nc3 Rxe6 35. a3 Nd3 36. Bd5 Kf7 37. Re2 Rcc6 38. Rxe6 Rxe6 39. Bxc4 Ne5 40. Bxe6+ Kxe6 41. Kg2 1-0

[Event "7. Arber-Senioren-Cup 2019"]
[Site "Bodenmais"]
[Date "2019.08.01"]
[Round "6.4"]
[White "Kurka, Dieter"]
[Black "Lorenc, Tomas"]
[Result "0-1"]
[ECO "A45"]
[WhiteElo "2006"]
[BlackElo "2158"]
[Annotator "NA"]
[PlyCount "74"]
[EventDate "2019.07.27"]
[EventType "swiss"]
[EventCountry "GER"]
[SourceTitle "playchess.com"]
[Source "ChessBase"]
[SourceQuality "1"]
[TimeControl "60/7800+30:0"]

1. d4 Nf6 2. Bf4 c5 3. e3 g6 4. Nc3 Bg7 5. h4 h5 6. Nb5 Nd5 7. Bh2 a6 8. Bc4 Qa5+ 9. c3 axb5 10. Bxd5 b4 11. Bb3 bxc3 12. bxc3 cxd4 13. Ne2 dxc3 14. O-O Nc6 15. Rc1 O-O 16. Qd3 d5 17. Nxc3 Bf5 18. Qd2 d4 19. exd4 Nxd4 20. Qe3 Nxb3 21. axb3 Rad8 22. Ne4 Rd4 23. Ng5 Bf6 24. Rc4 Rd3 25. b4 Qa2 26. Qf4 b5 27. Rc5 Rd4 28. Qf3 Bg4 29. Qb7 Qe2 30. Qxb5 Qxb5 31. Rxb5 Be2 32. Rb7 Bxf1 33. Kxf1 Rxh4 34. Nf3 Rc4 35. Be5 Ra8 36. Ke2 Bxe5 37. Nxe5 Re4+ 0-1

[Event "7. Arber-Senioren-Cup 2019"]
[Site "Bodenmais"]
[Date "2019.08.01"]
[Round "6.5"]
[White "Godoj, Veit"]
[Black "Kuempers, Ulrich"]
[Result "1-0"]
[ECO "A45"]
[WhiteElo "1995"]
[BlackElo "2030"]
[Annotator "NA"]
[PlyCount "77"]
[EventDate "2019.07.27"]
[EventType "swiss"]
[EventCountry "GER"]
[SourceTitle "playchess.com"]
[Source "ChessBase"]
[SourceQuality "1"]
[TimeControl "60/7800+30:0"]

1. d4 Nf6 2. Bf4 g6 3. Nc3 d5 4. Nf3 Bg7 5. e3 O-O 6. Be2 c5 7. Ne5 Nc6 8. O-O Be6 9. Nxc6 bxc6 10. Be5 cxd4 11. exd4 Nd7 12. Bxg7 Kxg7 13. Na4 Qc7 14. Re1 Kg8 15. Bf3 Rad8 16. Re3 Rfe8 17. Rc1 Qd6 18. Qd2 f6 19. b3 Bf7 20. c4 dxc4 21. Qa5 cxb3 22. axb3 Qxd4 23. Rd1 Qf4 24. Rxe7 Nb6 25. Rxe8+ Rxe8 26. Nxb6 Bxb3 27. Nd5 Bxd5 28. Bxd5+ cxd5 29. Qxd5+ Kh8 30. g3 Qe5 31. Qc6 Re7 32. h4 Kg7 33. Rd7 Kf7 34. Rd1 Qe4 35. Qc8 Qf3 36. Rc1 Qe4 37. Qh8 Ke6 38. Qg8+ Kf5 39. Rc5+ 1-0

[Event "7. Arber-Senioren-Cup 2019"]
[Site "Bodenmais"]
[Date "2019.08.01"]
[Round "6.6"]
[White "Korte, Markus"]
[Black "Fleuch, Hans-Juergen"]
[Result "1/2-1/2"]
[ECO "B18"]
[WhiteElo "2028"]
[BlackElo "1951"]
[Annotator "NA"]
[PlyCount "175"]
[EventDate "2019.07.27"]
[EventType "swiss"]
[EventCountry "GER"]
[SourceTitle "playchess.com"]
[Source "ChessBase"]
[SourceQuality "1"]
[TimeControl "60/7800+30:0"]

1. e4 c6 2. d4 d5 3. Nd2 dxe4 4. Nxe4 Bf5 5. Ng3 Bg6 6. Nf3 Nd7 7. Bc4 e6 8. O-O Ngf6 9. Re1 Be7 10. Nh4 Nd5 11. Nxg6 hxg6 12. Qf3 N7f6 13. c3 Qc7 14. Bg5 O-O-O 15. h3 Nh5 16. Bxe7 Qxe7 17. Ne4 Nhf4 18. Bf1 Qc7 19. Ng3 Nf6 20. Re5 N4d5 21. c4 Ne7 22. Qe3 Qb6 23. Qa3 Nf5 24. Nxf5 gxf5 25. d5 Ne4 26. c5 Qxc5 27. Qxc5 Nxc5 28. dxc6 b6 29. b4 Nd3 30. Bxd3 Rxd3 31. b5 Rhd8 32. Kf1 Rd1+ 33. Re1 R1d2 34. a4 Rb2 35. Red1 Rdd2 36. Rxd2 Rxd2 37. Ke1 Rd4 38. a5 bxa5 39. Rxa5 Kb8 40. c7+ Kxc7 41. Rxa7+ Kb6 42. Rxf7 g5 43. Rg7 Kxb5 44. Rxg5 Kc6 45. g3 Kd6 46. Rg8 Ke7 47. Ke2 Kf7 48. Ra8 e5 49. Ra6 Rb4 50. Rd6 Rb2+ 51. Rd2 Rb6 52. Rd7+ Kf6 53. h4 Kg6 54. Rd8 Rb2+ 55. Rd2 Rb6 56. Rd5 Rb2+ 57. Kf3 Rb3+ 58. Kg2 Kf6 59. h5 Rb7 60. Kh3 Rb6 61. h6 Kg5 62. Rxe5 Rxh6+ 63. Kg2 Ra6 64. Kf3 Ra3+ 65. Re3 Ra5 66. Rb3 Ra2 67. Ke3 Ra4 68. Rd3 Re4+ 69. Kf3 Ra4 70. Rd8 Ra3+ 71. Kg2 Kg6 72. Rf8 Ra2 73. Rg8+ Kf7 74. Rb8 Kg6 75. Rb5 Rc2 76. Re5 Kf6 77. Re3 Kg5 78. Kf3 Ra2 79. Rd3 Rb2 80. Ke3 Rb4 81. Rd2 Re4+ 82. Kd3 Kg4 83. Rc2 Ra4 84. Rc4+ Rxc4 85. Kxc4 Kf3 86. Kd5 Kxf2 87. Ke5 Kxg3 88. Kxf5 1/2-1/2

[Event "7. Arber-Senioren-Cup 2019"]
[Site "Bodenmais"]
[Date "2019.08.01"]
[Round "6.7"]
[White "Nickl, Klaus"]
[Black "Greul, Hans"]
[Result "0-1"]
[ECO "D00"]
[WhiteElo "1988"]
[BlackElo "2009"]
[Annotator "NA"]
[PlyCount "78"]
[EventDate "2019.07.27"]
[EventType "swiss"]
[EventCountry "GER"]
[SourceTitle "playchess.com"]
[Source "ChessBase"]
[SourceQuality "1"]
[TimeControl "60/7800+30:0"]

1. d4 d5 2. Bf4 e6 3. Nf3 c5 4. e3 Qb6 5. Qc1 Bd7 6. Nbd2 Bb5 7. Bxb5+ Qxb5 8. c4 dxc4 9. O-O Nc6 10. Qxc4 Qxc4 11. Nxc4 cxd4 12. exd4 Nf6 13. Rad1 Rd8 14. Bg5 Be7 15. a3 Nd5 16. Nce5 Nxe5 17. dxe5 h6 18. Bxe7 Kxe7 19. g3 Nb6 20. Rxd8 Rxd8 21. Rc1 Kd7 22. Kf1 Rc8 23. Rd1+ Ke7 24. Ke2 Rc5 25. b4 Rc2+ 26. Rd2 Rc1 27. Ne1 Nc4 28. Nd3 Rc3 29. Ra2 Nxa3 30. Nc5 b6 31. Ne4 Rc2+ 32. Rxc2 Nxc2 33. Nd6 Nxb4 34. Nc8+ Kd7 35. Nxa7 Nc6 36. Nb5 Nxe5 37. f4 Ng4 38. h3 Nf6 39. Kf3 Kc6 0-1

[Event "7. Arber-Senioren-Cup 2019"]
[Site "Bodenmais"]
[Date "2019.08.01"]
[Round "6.8"]
[White "Hamlack, Heinz"]
[Black "Steinbach, Peter"]
[Result "1/2-1/2"]
[ECO "B00"]
[WhiteElo "1986"]
[BlackElo "1958"]
[Annotator "NA"]
[PlyCount "20"]
[EventDate "2019.07.27"]
[EventType "swiss"]
[EventCountry "GER"]
[SourceTitle "playchess.com"]
[Source "ChessBase"]
[SourceQuality "1"]
[TimeControl "60/7800+30:0"]

1. e4 Nc6 2. d4 d5 3. e5 Bf5 4. g4 Bg6 5. h4 h5 6. e6 hxg4 7. Bd3 Nf6 8. Bxg6 fxg6 9. Bf4 Qc8 10. Ne2 Qxe6 1/2-1/2

[Event "7. Arber-Senioren-Cup 2019"]
[Site "Bodenmais"]
[Date "2019.08.01"]
[Round "6.9"]
[White "Waltenberger, Udo"]
[Black "Neubauer, Jaroslaus"]
[Result "1/2-1/2"]
[ECO "A46"]
[WhiteElo "1986"]
[BlackElo "2014"]
[Annotator "NA"]
[PlyCount "56"]
[EventDate "2019.07.27"]
[EventType "swiss"]
[EventCountry "GER"]
[SourceTitle "playchess.com"]
[Source "ChessBase"]
[SourceQuality "1"]
[TimeControl "60/7800+30:0"]

1. d4 Nf6 2. Nf3 e6 3. g3 d5 4. Bg2 Be7 5. O-O O-O 6. b3 b6 7. c4 Bb7 8. Nc3 Nbd7 9. Bb2 a6 10. Rc1 Ne4 11. Nd2 Nxc3 12. Rxc3 Nf6 13. Qc1 Ne4 14. Nxe4 dxe4 15. Rd1 f5 16. e3 a5 17. Ba3 Bb4 18. Rc2 Qe7 19. c5 Bxa3 20. Qxa3 Bd5 21. Qa4 Rfb8 22. Bf1 b5 23. Bxb5 c6 24. Bc4 Rb4 25. Qa3 Qb7 26. Bxd5 exd5 27. Rb1 a4 28. Qc1 axb3 1/2-1/2

[Event "7. Arber-Senioren-Cup 2019"]
[Site "Bodenmais"]
[Date "2019.08.01"]
[Round "6.10"]
[White "Halli, Gerhard"]
[Black "Oberhofer, Max"]
[Result "1/2-1/2"]
[ECO "A45"]
[WhiteElo "1955"]
[BlackElo "2187"]
[Annotator "NA"]
[PlyCount "93"]
[EventDate "2019.07.27"]
[EventType "swiss"]
[EventCountry "GER"]
[SourceTitle "playchess.com"]
[Source "ChessBase"]
[SourceQuality "1"]
[TimeControl "60/7800+30:0"]

1. d4 Nf6 2. Bg5 Ne4 3. Bf4 d5 4. f3 Nd6 5. e3 Bf5 6. Bd3 e6 7. Ne2 Nd7 8. O-O Be7 9. b3 Bg5 10. Nbc3 O-O 11. Qd2 Bxf4 12. Nxf4 c6 13. e4 Bg6 14. Nxg6 hxg6 15. e5 Nf5 16. Ne2 c5 17. Bxf5 gxf5 18. c3 Rc8 19. Rac1 Qh4 20. f4 Rc6 21. Qd3 Rfc8 22. Qd2 g6 23. Rf3 cxd4 24. cxd4 Rxc1+ 25. Nxc1 Kg7 26. Ne2 Nb8 27. Rc3 Nc6 28. b4 a6 29. a3 Na7 30. Rc5 b6 31. Rxc8 Nxc8 32. Qc1 Na7 33. a4 Qe7 34. Qc3 Qd7 35. Qc2 Qc6 36. Qxc6 Nxc6 37. b5 axb5 38. axb5 Na5 39. Kf2 Nc4 40. Nc3 f6 41. Kf3 fxe5 42. fxe5 g5 43. h3 Kg6 44. g4 Nd2+ 45. Ke3 Nc4+ 46. Kf3 f4 47. Ke2 1/2-1/2

[Event "7. Arber-Senioren-Cup 2019"]
[Site "Bodenmais"]
[Date "2019.08.01"]
[Round "6.11"]
[White "Latzel, Wolfgang"]
[Black "Glaessl, Matthias"]
[Result "1/2-1/2"]
[ECO "B39"]
[WhiteElo "1881"]
[BlackElo "2148"]
[Annotator "NA"]
[PlyCount "73"]
[EventDate "2019.07.27"]
[EventType "swiss"]
[EventCountry "GER"]
[SourceTitle "playchess.com"]
[Source "ChessBase"]
[SourceQuality "1"]
[TimeControl "60/7800+30:0"]

1. e4 c5 2. Nf3 Nc6 3. d4 cxd4 4. Nxd4 g6 5. c4 Bg7 6. Be3 Nf6 7. Nc3 Ng4 8. Qxg4 Nxd4 9. Qd1 Ne6 10. Rc1 Qa5 11. Bd3 b6 12. O-O g5 13. Qd2 Qe5 14. b3 Rg8 15. Nd5 Bb7 16. Rce1 Rc8 17. f4 gxf4 18. Nxf4 Nc5 19. Nd5 Nxd3 20. Qxd3 e6 21. Bf2 Qg5 22. Bg3 Bxd5 23. exd5 Qg6 24. Qf3 Bd4+ 25. Kh1 Kf8 26. Re4 Bc5 27. Rg4 Qf5 28. Qxf5 exf5 29. Rxg8+ Kxg8 30. Rxf5 Kg7 31. h3 f6 32. Rf1 a5 33. Re1 Kf7 34. a4 Kg6 35. Bf4 f5 36. g3 Kf6 37. Kg2 {[%emt 0:00:11] Ke5} 1/2-1/2

[Event "7. Arber-Senioren-Cup 2019"]
[Site "Bodenmais"]
[Date "2019.08.01"]
[Round "6.13"]
[White "Busch, Joerg"]
[Black "Limberg, Siegfried"]
[Result "1-0"]
[ECO "A45"]
[WhiteElo "1851"]
[BlackElo "1983"]
[Annotator "NA"]
[PlyCount "105"]
[EventDate "2019.07.27"]
[EventType "swiss"]
[EventCountry "GER"]
[SourceTitle "playchess.com"]
[Source "ChessBase"]
[SourceQuality "1"]
[TimeControl "60/7800+30:0"]

1. d4 Nf6 2. Bf4 d6 3. e3 g6 4. Be2 Bg7 5. Nd2 Nbd7 6. h3 e5 7. Bg5 h6 8. Bxf6 Nxf6 9. dxe5 dxe5 10. Ngf3 e4 11. Nd4 O-O 12. c3 c5 13. N4b3 Qe7 14. Qc2 a6 15. O-O Re8 16. Rad1 b5 17. Rfe1 Bf5 18. Nf1 Rad8 19. Ng3 Bd7 20. Rd2 Bc6 21. Red1 Rxd2 22. Qxd2 Nd5 23. c4 Nb4 24. a3 Nd3 25. Bxd3 exd3 26. Na5 Ba8 27. Qxd3 Bxb2 28. cxb5 axb5 29. Qxb5 Bxa3 30. Nc4 Bb4 31. Rd7 Qf8 32. Qb6 Rb8 33. Qf6 Qg7 34. Qd6 Rf8 35. Qc7 h5 36. Nd6 h4 37. Ne2 Qa1+ 38. Kh2 Qa5 39. Rxf7 Qxc7 40. Rxc7 Rd8 41. Nc4 Bd5 42. Ne5 g5 43. Ng1 Bc3 44. Ngf3 Re8 45. Ng4 c4 46. Nd4 Rb8 47. Nf6+ Kf8 48. Nxd5 Bxd4 49. exd4 Rd8 50. Ne3 Rxd4 51. Rxc4 Rd2 52. f3 Kf7 53. Rc5 1-0

[Event "7. Arber-Senioren-Cup 2019"]
[Site "Bodenmais"]
[Date "2019.08.01"]
[Round "6.14"]
[White "Schwalb, Manfred"]
[Black "Ketzscher, Roland"]
[Result "1-0"]
[ECO "A08"]
[WhiteElo "1965"]
[BlackElo "1917"]
[Annotator "NA"]
[PlyCount "71"]
[EventDate "2019.07.27"]
[EventType "swiss"]
[EventCountry "GER"]
[SourceTitle "playchess.com"]
[Source "ChessBase"]
[SourceQuality "1"]
[TimeControl "60/7800+30:0"]

1. e4 e6 2. d3 d5 3. Nd2 Nf6 4. g3 Be7 5. Bg2 O-O 6. Ngf3 c5 7. O-O Nc6 8. Re1 Re8 9. e5 Nd7 10. h4 Qc7 11. Qe2 f6 12. exf6 Nxf6 13. Nf1 Bd7 14. Bf4 Bd6 15. Ne5 Nxe5 16. Bxe5 Bxe5 17. Qxe5 Qxe5 18. Rxe5 Bc6 19. Rae1 Kf7 20. Bh3 Bd7 21. Nh2 Re7 22. Nf3 h6 23. h5 Nh7 24. Nh4 Ree8 25. Ng6 Ng5 26. Bg4 Kf6 27. f4 Nf7 28. R5e2 Rad8 29. Kg2 d4 30. Bf3 b6 31. g4 Nd6 32. Ne5 Bc8 33. Kg3 Bb7 34. Bxb7 Nxb7 35. Kh4 Nd6 36. g5+ 1-0